 Dungeon Crawl Stone Soup version 0.28.0-43-g3370ac3207 (webtiles) character file.

Game seed: 5217909045700515102

196 nickcage the Vexing (level 5, 0/24 HPs)
             Began as a Spriggan Enchanter on Mar 24, 2022.
             Slain by an ufetubus (2 damage)
             ... on level 3 of the Dungeon.
             The game lasted 00:12:11 (3807 turns).

nickcage the Vexing (Spriggan Enchanter)            Turns: 3807, Time: 00:12:12

Health: 0/24       AC:  2    Str:  4    XL:     5   Next: 46%
Magic:  10/10      EV: 17    Int: 17    God:
Gold:   62         SH:  0    Dex: 17    Spells: 7/9 levels left

rFire   . . .      SeeInvis +   a - +1 dagger
rCold   . . .      Faith    .   (no shield)
rNeg    . . .      Spirit   .   b - +0 robe
rPois   .          Reflect  .   (helmet restricted)
rElec   .          Harm     .   (no cloak)
rCorr   .          Rampage  .   (gloves unavailable)
Will    .....                   (boots unavailable)
Stlth   +++.......              (no amulet)
HPRegen 0.08/turn               (no ring)
MPRegen 0.12/turn               (no ring)

@: very quick
A: very small, no large weapons, unfitting armour, see invisible, speed 3
a: no special abilities


You were on level 3 of the Dungeon.
You visited 1 branch of the dungeon, and saw 4 of its levels.

You collected 90 gold pieces.
You spent 28 gold pieces at shops.

Inventory:

Hand Weapons
 a - a +1 dagger (weapon)
Armour
 b - a +0 robe (worn)
Jewellery
 d - a ring of wizardry
Wands
 i - a wand of flame (30)
Scrolls
 e - a scroll of fear {unknown}
 f - 4 scrolls of identify
Potions
 c - a potion of invisibility
 g - a potion of cancellation
 h - a potion of berserk rage
 j - 2 potions of might {unknown}


   Skills:
 + Level 2.1 Short Blades
 - Level 2.6 Dodging
 - Level 4.4 Stealth
 - Level 2.6 Spellcasting
 - Level 7.2 Hexes


You had 7 spell levels left.
You knew the following spells:

 Your Spells              Type           Power      Damage    Failure   Level
a - Ensorcelled Hibernat  Hex/Ice        28%        N/A       6%          2

Your spell library contained the following spells:

 Spells                   Type           Power      Damage    Failure   Level
 Confusing Touch          Hex            26%        N/A       2%          3
 Tukima's Dance           Hex            26%        N/A       2%          3
 Dazzling Flash           Conj/Hex       28%        N/A       12%         3
 Passwall                 Tmut/Erth      1%         N/A       26%         2
 Conjure Flame            Conj/Fire      2%         6-21      47%         3
 Ignite Poison            Fire/Tmut/Pois 2%         N/A       47%         3
 Swiftness                Air            2%         N/A       47%         3
 Sticky Flame             Conj/Fire      2%         2d3       87%         4


Dungeon Overview and Level Annotations

Branches:
Dungeon (4/15)
 Temple: D:4-7

Altars:
Sif Muna

Shops:
D:2 ?   D:3 ?


Innate Abilities, Weirdness & Mutations

You are very small and have problems with some larger weapons.
You are too small for most types of armour.
You have supernaturally acute eyesight. (SInv)
You cover ground extremely quickly. (Speed+++)


Message History

There is a stone staircase leading up here.
You climb upwards.
There is a stone staircase leading down here.
You start resting.
HP restored.
You climb downwards.
The ufetubus completely misses you. The ufetubus closely misses you.
The ufetubus barely misses you. The ufetubus completely misses you.
There is a stone staircase leading up here.
You hit the ufetubus but do no damage.
The ufetubus hits you but does no damage.
The ufetubus misses you. The ufetubus completely misses you.
The ufetubus closely misses you.
You closely miss the ufetubus. The ufetubus barely misses you. x2
You closely miss the ufetubus. The ufetubus hits you.
The ufetubus closely misses you.
You closely miss the ufetubus. The ufetubus hits you. The ufetubus misses you.
The ufetubus hits you but does no damage.
The ufetubus misses you.
You barely miss the ufetubus. The ufetubus hits you.
The ufetubus closely misses you.
You hit the ufetubus.
The ufetubus is moderately wounded.
The ufetubus completely misses you. The ufetubus misses you.
You hit the ufetubus.
The ufetubus is heavily wounded.
The ufetubus closely misses you. The ufetubus hits you.
* * * LOW HITPOINT WARNING * * *
The ufetubus barely misses you. The ufetubus hits you.
* * * LOW HITPOINT WARNING * * *
You closely miss the ufetubus.
The ufetubus is heavily wounded.
The ufetubus barely misses you. The ufetubus closely misses you.
You barely miss the ufetubus.
The ufetubus is heavily wounded.
The ufetubus closely misses you. The ufetubus misses you.
You hit the ufetubus.
The ufetubus is severely wounded.
The ufetubus hits you.
You die...

.##.......#
.##.#..####
.......# ###.#.##
#.#.# #.#.## ###
#...>#########.##
#..#...........5#
#....#########@##
#.#### #.# #.# #.#
###.# #.# ....#
#.#
################.#
###..............#
....##############
#####


You could see an ufetubus.

Vanquished Creatures
  An ogre (D:3)
  Ijyb (D:3)
  2 adders
  A worm (D:2)
  4 dart slugs
  2 orcs
  10 ball pythons
  5 endoplasms
  A giant cockroach (D:1)
  2 goblins
  6 hobgoblins
  8 jackals
  A quokka (D:3)
  3 bats
  A frilled lizard (D:2)
  5 kobolds
  6 rats
59 creatures vanquished.

Vanquished Creatures (others)
  2 fungi (D:1)
  5 plants (D:1)
7 creatures vanquished.

Grand Total: 66 creatures vanquished

Notes
Turn   | Place    | Note
-------+----------+-------------------------------------------
     0 | D:1      | nickcage the Spriggan Enchanter began the quest for the
                  | Orb.
     0 | D:1      | Reached XP level 1. HP: 9/9 MP: 5/5
   196 | D:1      | Reached skill level 4 in Hexes
   267 | D:1      | Reached XP level 2. HP: 11/13 MP: 6/6
   488 | D:1      | Learned a level 2 spell: Ensorcelled Hibernation
   563 | D:1      | Found a faded altar of an unknown god.
  1216 | D:2      | Reached skill level 5 in Hexes
  1325 | D:2      | Reached XP level 3. HP: 10/16 MP: 5/8
  1926 | D:2      | Found Tyleimm's Magic Scroll Emporium.
  1946 | D:2      | Bought a scroll of identify for 28 gold pieces
  1992 | D:2      | Identified the +5 ring mail "Udyutad" {Rampage}
  2530 | D:3      | Identified the +7 spear of Zin's Condemnation {antimagic,
                  | rCorr Str-4 SInv}
  2532 | D:3      | Reached XP level 4. HP: 21/21 MP: 9/9
  2725 | D:3      | Found a shimmering blue altar of Sif Muna.
  2782 | D:3      | Noticed Ijyb
  2787 | D:3      | Reached skill level 6 in Hexes
  2789 | D:3      | Killed Ijyb
  2929 | D:3      | Noticed an ogre
  2949 | D:3      | Killed an ogre
  2950 | D:3      | Reached skill level 7 in Hexes
  2950 | D:3      | Reached XP level 5. HP: 24/24 MP: 3/10
  3033 | D:3      | Found Kaenluh's Magic Scroll Boutique.
  3807 | D:3      | Slain by an ufetubus

Illustrated notes

Levels and vault maps discovered:
D:1:      beargit_arrival_diablo_church, layout_loops_ring,
          shapermc_ecumenical_altar_mp_urbaneastern
D:2:      layout_basic, serial_shops, nicolae_shop_stone
D:3:      layout_loops_ring, old_standard_altar, serial_shops,
          nicolae_shop_statue_plus, uniq_ijyb
D:4:      minmay_octagon_keep, layout_cave_pools,
          grunt_temple_overflow_gold_and_silver, corexii_shack,
          nicolae_concentric_dashed_squares_wild, minmay_hollow_rounded_squares,
          uniq_grinder

Skill      XL: |  1  2  3  4  5 |
---------------+----------------+-----
Hexes          | 4 5 7 |  7.2
Short Blades   | 2 |  2.1
Dodging        | |  2.6
Stealth        | |  4.4
Spellcasting   | |  2.6

Action                   |  1- 3 |  4- 6 || total
-------------------------+-------+-------++-------
Melee: Dagger            |    89 |   104 ||   193
 Cast: Ensorcelled Hiber |    27 |    10 ||    37
  Use: Scroll            |     4 |       ||     4
 Stab: Sleeping          |    27 |    12 ||    39
Armor: Robe              |     3 |     8 ||    11
Dodge: Dodged            |    74 |   109 ||   183
